 Dungeon Crawl Stone Soup version 0.27-a0-1071-ga85bd9520d (console) character file.

Game seed: 10057831835086788645

88 nht the Firebug (level 4, -1/30 HPs)
             Began as a Demonspawn Fire Elementalist on Apr 24, 2021.
             Slain by an orc wizard
             ... wielding a +0 dagger
              (3 damage)
             ... on level 4 of the Dungeon.
             The game lasted 00:06:18 (3454 turns).

nht the Firebug (Demonspawn Fire Elementalist)      Turns: 3454, Time: 00:06:18

Health: -1/30      AC:  3    Str:  8    XL:     4   Next: 30%
Magic:  6/7        EV: 12    Int: 17    God:
Gold:   77         SH:  0    Dex: 14    Spells: 6/7 levels left

rFire    . . .     SeeInvis .   (no weapon)
rCold    . . .     Faith    .   (no shield)
rNeg     . . .     Spirit   .   a - +0 robe
rPois    .         Reflect  .   (no helmet)
rElec    .         Harm     .   (no cloak)
rCorr    +         Rampage  .   (no gloves)
Will     .....                  (no boots)
Stlth    ++........             (no amulet)
HPRegen  0.10/turn              f - ring of resist corrosion
MPRegen  0.10/turn              (no ring)

@: no status effects
A: rugged brown scales 1
a: no special abilities


You were on level 4 of the Dungeon.
You visited 1 branch of the dungeon, and saw 4 of its levels.

You collected 77 gold pieces.

Inventory:

Armour
 a - a +0 robe (worn)
Jewellery
 f - a ring of resist corrosion (left hand)
Scrolls
 e - a scroll of enchant weapon
Potions
 b - a potion of attraction
 c - a potion of brilliance
 g - a potion of flight
 h - a potion of might


   Skills:
 - Level 1.7 Dodging
 - Level 1.7 Stealth
 - Level 2.0 Spellcasting
 + Level 3.0 Conjurations
 + Level 3.8 Fire Magic


You had 6 spell levels left.
You knew the following spells:

 Your Spells              Type           Power      Damage    Failure   Level
a - Foxfire               Conj/Fire      52%        2x1d6     4%          1

Your spell library contained the following spells:

 Spells                   Type           Power      Damage    Failure   Level
 Magic Dart               Conj           48%        1d5       5%          1
 Conjure Flame            Conj/Fire      13%        6-21      14%         3
 Summon Small Mammal      Summ           4%         N/A       19%         1
 Inner Flame              Hex/Fire       8%         N/A       26%         3
 Blink                    Tloc           N/A        N/A       28%         2
 Call Imp                 Summ           1%         N/A       28%         2
 Slow                     Hex            1%         N/A       28%         2
 Mephitic Cloud           Conj/Pois/Air  5%         N/A       36%         3
 Sticky Flame             Conj/Fire      13%        2d4       43%         4
 Call Canine Familiar     Summ           1%         N/A       50%         3
 Summon Guardian Golem    Hex/Summ       1%         N/A       50%         3
 Fireball                 Conj/Fire      6%         3d5       78%         5
 Summon Ice Beast         Ice/Summ       1%         N/A       88%         4
 Summon Lightning Spire   Summ/Air       1%         N/A       88%         4


Dungeon Overview and Level Annotations

Branches:
Dungeon (4/15)
 Temple: D:4-7

Altars:
Fedhas
Qazlal
Wu Jian

Annotations:
D:3 2 transporters, FortyThree's ghost, amateur DsFi; Grinder


Innate Abilities, Weirdness & Mutations

You are partially covered in rugged brown scales. (AC +1, +3% HP)


Message History

You bump into the rock wall.
You feel less confused. Something hits you but does no damage.
You hear some strange, mumbled words.
You are confused.
You bump into the rock wall.
Something hits you.
An endoplasm comes into view.
You completely miss something.
You hear some strange, mumbled words.
A magic dart appears from out of thin air!
The magic dart hits you! The orc hits you with a +0 dagger. Something hits you.
You bump into the rock wall.
Something hits you.
* * * LOW HITPOINT WARNING * * *
The orc hits you with a +0 dagger.
* * * LOW HITPOINT WARNING * * *
You closely miss something. Something hits you.
* * * LOW HITPOINT WARNING * * *
The orc hits you with a +0 dagger.
* * * LOW HITPOINT WARNING * * *
You feel less confused.
You hear some strange, mumbled words.
You are confused.
You bump into the rock wall.
You bump into the rock wall.
An orc wizard appears from thin air!
Reactivating autopickup.
You bump into the rock wall.
The orc wizard hits you with a +0 dagger.
* * * LOW HITPOINT WARNING * * *
You miss the orc wizard.
You feel less confused. The orc hits you but does no damage.
The orc wizard gestures at itself while chanting.
The orc wizard flickers and vanishes!
Deactivating autopickup; reactivate with Ctrl-A.
Okay, then.
You closely miss the orc.
The orc is moderately wounded.
The orc hits you but does no damage. Something hits you.
You die... █.████████.█ ██████

███.██████.█.█
.....███████████..........█.█
......[..>.........██████.█o█
.....)███████....█.██████.█.█
.[...§█ █.██..........█.█
.....)█ █.██......███.█.█
§§...>█ █.██{o█..<█████.█
o.....█ █.██@.█.........█
......█ █.█████.█.███████
......█ █.█.....█.█ .......
........█.█ .......(
........█.█ ..o.....█
........█.███████
................█
........█.█████.█
............█


You could see an orc.

Vanquished Creatures
  An orc priest (D:4)
  An adder (D:2)
  A worm (D:2)
  3 orcs (D:4)
  4 ball pythons
  3 endoplasms
  3 giant cockroaches
  4 goblins
  4 hobgoblins
  2 quokkas (D:1)
  4 bats
  3 frilled lizards (D:1)
  5 kobolds
  3 rats
41 creatures vanquished.

Vanquished Creatures (others)
  112 foxfires
112 creatures vanquished.

Grand Total: 153 creatures vanquished

Notes
Turn   | Place    | Note
-------+----------+-------------------------------------------
     0 | D:1      | nht the Demonspawn Fire Elementalist began the quest for
                  | the Orb.
     0 | D:1      | Reached XP level 1. HP: 13/13 MP: 3/3
   191 | D:1      | Gained mutation: You are partially covered in rugged brown
                  | scales. (AC +1, +3% HP) [demonic ancestry]
   191 | D:1      | Reached XP level 2. HP: 13/19 MP: 1/5
  1135 | D:3      | Found a faded altar of an unknown god.
  1227 | D:2      | Reached XP level 3. HP: 8/24 MP: 1/6
  2566 | D:3      | Found a stormy altar of Qazlal.
  2566 | D:3      | Found an ornate altar of the Wu Jian Council.
  2609 | D:3      | Noticed Grinder
  2618 | D:3      | Paralysed by Grinder for 5 turns
  2844 | D:3      | Found a blossoming altar of Fedhas.
  3020 | D:3      | Found a transporter.
  3021 | D:3      | Noticed FortyThree's ghost (amateur DsFi)
  3022 | D:3      | Noticed an ogre
  3023 | D:3      | Identified the +8 great mace "Onuntylo" {freeze, rElec}
  3023 | D:3      | Noticed an ogre
  3027 | D:3      | Found a transporter.
  3371 | D:4      | Reached XP level 4. HP: 30/30 MP: 0/7
  3454 | D:4      | Slain by an orc wizard

Illustrated notes

Levels and vault maps discovered:
D:1:      heliophobic_arrival_glass_houses, layout_basic, hex_tiny,
          minmay_hexomino_p4
D:2:      layout_loops_corners
D:3:      layout_basic, general_overflow_altar,
          gammafunk_temple_overflow_statue, gammafunk_ghost_smash,
          ebering_ecumenical_altar_sacrificial, st_stairs_8, uniq_grinder
D:4:      layout_basic, lemuel_tele_altar, hangedman_decor_lopped

Skill      XL: |  1  2  3 |
---------------+----------+-----
Fire Magic     | 3 |  3.8
Conjurations   | 2 3 |  3.0
Dodging        | |  1.7
Stealth        | |  1.7
Spellcasting   | |  2.0

Action                   |  1- 3 |  4- 6 || total
-------------------------+-------+-------++-------
Melee: Unarmed           |     6 |     6 ||    12
 Cast: Foxfire           |    64 |     3 ||    67
  Use: Scroll            |     7 |       ||     7
Armor: Robe              |     3 |     5 ||     8
Dodge: Dodged            |    14 |     3 ||    17

Table legend: (Time is in decaauts)
 A = Elapsed time spent in this place.
 B = Non-inter-level travel time spent in this place.
 C = Inter-level travel time spent in this place.
 D = Time resting spent in this place.
 E = Time spent auto-exploring this place.
 F = Levels seen in this place.
 G = Mean time per level.
                   A        B        C        D        E       F      G
               +--------+--------+--------+--------+--------+-----+--------+
         Total |   3454 |   3357 |     97 |      0 |   3024 |   4 |  863.5 |
       Dungeon |   3454 |   3357 |     97 |      0 |   3024 |   4 |  863.5 |
               +--------+--------+--------+--------+--------+-----+--------+

Top non-repeatable levels by time:
     D:2: 1331 daAuts
     D:1: 1131 daAuts
     D:3: 750 daAuts
     D:4: 241 daAuts
